 Dungeon Sprint DCSS version 0.23-a0-389-g4a5eb33 (webtiles) character file.

9 schets the Insei (level 2, 0/18 HPs)
             Began as an Octopode Transmuter on Oct 30, 2018.
             Slain by a phantom (8 damage)
             ... in the Dungeon (Sprint IX: "|||||||||||||||||||||||||||||").
             The game lasted 00:00:10 (108 turns).

schets the Insei (Octopode Transmuter)               Turns: 108, Time: 00:00:11

Health: 0/18       AC:  1    Str:  9    XL:     2   Next: 12%
Magic:  1/5        EV: 13    Int: 15    God:
Gold:   0          SH:  0    Dex: 12    Spells: 2/5 levels left

rFire    . . .     SeeInvis .     - Unarmed
rCold    . . .     Gourm    .   (no shield)
rNeg     . . .     Faith    .   (helmet restricted)
rPois    .         Spirit   .   (no amulet)
rElec    .         Reflect  .   (no ring)
rCorr    .         Harm     .   (no ring)
MR       .....     NoTele   +   (no ring)
Stlth    ++........             (no ring)
HPRegen  0.06/turn              (no ring)
MPRegen  0.09/turn              (no ring)
                                (no ring)
                                (no ring)

@: no status effects
A: almost no armour, stealthy swim, amphibious, 8 rings, constrict 8, camouflage
1, gelatinous body 1
a: no special abilities


You were in the Dungeon.
You were not hungry.

You visited 1 branch

Inventory:

Missiles
 a - 10 arrows
Scrolls
 i - a scroll of blinking
Potions
 d - a potion of curing
 e - a potion of heal wounds
 f - a potion of haste
 g - 2 potions of magic
 h - a potion of berserk rage
Comestibles
 b - 2 chunks of flesh
 c - a ration


   Skills:
 + Level 1.0 Fighting
 + Level 2.4 Dodging
 + Level 4.3 Unarmed Combat
 + Level 2.4 Spellcasting
 + Level 2.3 Transmutations


You had 2 spell levels left.
You knew the following spells:

 Your Spells              Type           Power        Failure   Level  Hunger
a - Beastly Appendage     Tmut           #.....       9%          1    #......
b - Sticks to Snakes      Tmut           #.......     12%         2    ###....

Your spell library contained the following spells:

 Spells                   Type           Power        Failure   Level  Hunger
 Spider Form              Tmut/Pois      #.........   36%         3    ###....
 Ice Form                 Ice/Tmut       #.......     78%         4    #####..
 Blade Hands              Tmut           #.........   92%         5    ######.


Dungeon Overview and Level Annotations

Branches:
Dungeon (1/1)

Altars:


Innate Abilities, Weirdness & Mutations

You cannot wear most types of armour.
You are very stealthy in the water. (Stealth+)
You are amphibious.
You can wear up to eight rings at the same time.
You can use your tentacles to constrict eight enemies at once.
Your skin changes colour to match your surroundings (Stealth+).
Your rubbery body absorbs attacks. (AC +1, EV +1)


Message History

Casting: Sticks to Snakes (safe; 12% risk of failure)
Confirm with . or Enter, or press ? or * to list all spells.
You create a snake!
You now have 10 arrows.
You swap places.
You open the door.
An adder, a quokka, a sky beast, a crimson imp and a phantom come into view.
Unknown command.
There is an open door here.
The helpless phantom fails to defend itself.
You tentacle-slap the phantom.
The phantom is lightly damaged.
The phantom blinks!
The crimson imp blinks!
You closely miss the phantom.
The phantom is lightly damaged.
The phantom hits you!
Ouch! That really hurt!
You barely miss the phantom.
The phantom is lightly damaged.
The phantom hits you!
You die...

▓+▓
▓S▓
▓r▓
▓5▓
▓Y▓
▓W▓
▓@▓
▓S▓
▓S▓
▓.▓
▓.▓
▓.▓
▓)▓
▓.▓
▓.▓


You could see a phantom, a sky beast, a crimson imp, an adder, a quokka
(sleeping), a friendly adder and a friendly ball python.

Vanquished Creatures
  2 dart slugs (D)
  A giant cockroach (D)
  A goblin (D)
  A bat (D)
5 creatures vanquished.

Notes
Turn   | Place    | Note
-------+----------+-------------------------------------------
     0 | D        | schets the Octopode Transmuter began the quest for the Orb.
     0 | D        | Reached XP level 1. HP: 13/13 MP: 3/3
    15 | D        | Reached skill level 4 in Unarmed Combat
    18 | D        | Reached XP level 2. HP: 13/18 MP: 3/5
    99 | D        | Learned a level 2 spell: Sticks to Snakes
   104 | D        | Noticed a crimson imp
   104 | D        | Noticed a sky beast
   104 | D        | Noticed a phantom
   108 | D        | Slain by a phantom

Vault maps used:
D:        linesprint

Skill      XL: |  1 |
---------------+----+-----
Unarmed Combat | 4 |  4.3
Fighting       | |  1.0
Dodging        | |  2.4
Spellcasting   | |  2.4
Transmutations | |  2.3

Action                   || total
-------------------------++-------
Melee: Unarmed           ||    15
       Constrict         ||     3
       Tentacles         ||     2
 Cast: Beastly Appendage ||     1
       Sticks to Snakes  ||     2
 Stab: Sleeping          ||     1
Armor: Skin              ||     1
Dodge: Dodged            ||     4

Table legend:
 A = Non-vault XP
 B = Vault XP
 C = Vault XP percentage of total XP
 D = Non-vault monster count
 E = Vault monster count
 F = Vault count percentage of total count
                 A         B        C        D         E       F
            +---------+---------+-------+---------+---------+-------
      Total |       0 |      13 | 100.0 |       0 |       5 | 100.0
            +---------+---------+-------+---------+---------+-------
          D |       0 |      13 | 100.0 |       0 |       5 | 100.0
            +---------+---------+-------+---------+---------+-------
